 Dungeon Crawl Stone Soup version 0.19-a0-1815-g4007336 (webtiles) character file.

211 KarmaPolice the Sneak (level 5, 0/36 HPs)
             Began as an Octopode Assassin on Oct 6, 2016.
             Succumbed to an orc's poison
             ... on level 4 of the Dungeon.
             The game lasted 00:05:15 (2391 turns).

KarmaPolice the Sneak (Octopode Assassin)           Turns: 2391, Time: 00:05:16

Health: 0/36       AC:  1    Str: 15    XL:     5   Next: 88%
Magic:  5/5        EV: 14    Int: 14    God:
Gold:   181        SH:  0    Dex: 14    Spells: 0 memorised, 4 levels left

rFire  . . .     SeeInvis .     i - +1 dagger (venom)
rCold  . . .     Gourm    .     (no shield)
rNeg   . . .     Faith    .     (helmet restricted)
rPois  .         Spirit   .     (no amulet)
rElec  .         Dismiss  .     (no ring)
rCorr  .         Reflect  .     (no ring)
MR     .....     Harm     .     (no ring)
Stlth  ++++......               (no ring)
                                (no ring)
                                (no ring)
                                (no ring)
                                (no ring)

@: mighty, lethally poisoned (0 -> -19)
A: almost no armour, stealthy swim, amphibious, 8 rings, constrict 8, camouflage
1, gelatinous body 1
a: no special abilities


You were on level 4 of the Dungeon.
You were hungry.

You visited 1 branch of the dungeon, and saw 4 of its levels.

You collected 181 gold pieces.

Inventory:

Hand Weapons
 a - a +2 dagger
 b - a +0 blowgun
 i - a +1 dagger of venom (weapon)
Missiles
 c - 8 poisoned needles
 d - 2 curare-tipped needles
Wands
 s - a wand of iceblast (6/15)
 x - a wand of digging (12/24)
Scrolls
 e - 4 scrolls of enchant weapon {unknown}
 g - 2 scrolls of remove curse {unknown}
 l - a scroll of fear {unknown}
 m - 4 scrolls of teleportation {unknown}
 n - a scroll of noise {unknown}
 o - a scroll of random uselessness {unknown}
 t - 5 scrolls of identify {unknown}
Potions
 j - a potion of might
 q - a potion of haste {unknown}
 r - a potion of ambrosia {unknown}
 u - a potion of lignification {unknown}
 v - a potion of brilliance {unknown}
Books
 p - a book of Misfortune

   Spells                             Type                      Level
   a - Confusing Touch                Hexes                        1
   b - Confuse                        Hexes                        3
   c - Gell's Gravitas                Hexes/Translocation          3
   d - Petrify                        Transmutation/Earth          4
   e - Metabolic Englaciation         Hexes/Ice                    5
   f - Yara's Violent Unravelling     Hexes/Transmutation          5
Comestibles
 f - 2 bread rations
 h - 2 meat rations
 k - 2 beef jerkies
 w - a chunk of flesh


   Skills:
 + Level 3.2 Fighting
 + Level 3.3 Short Blades
 - Level 2.0 Throwing
 + Level 2.9 Dodging
 + Level 6.6 Stealth


You had 4 spell levels left.
You didn't know any spells.

Dungeon Overview and Level Annotations

Branches:
Dungeon (4/15)
 Temple: D:4-7

Altars:
Ashenzari
Kikubaaqudgha
Okawaru
Ru
Trog
Yredelemnul


Innate Abilities, Weirdness & Mutations

You cannot wear most types of armour.
You are very stealthy in the water. (Stealth+)
You are amphibious.
You can wear up to eight rings at the same time.
You can use your tentacles to constrict eight enemies at once.
Your skin changes colour to match your surroundings (Stealth+).
Your rubbery body absorbs attacks. (AC +1, EV +1)


Message History

The orc hits you with a short sword.
You hit the orc.
You kill the orc!
* * * LOW HITPOINT WARNING * * *
You feel sick. The orc hits you but does no damage.
You are more poisoned.
The orc closely misses you.
* * * LOW HITPOINT WARNING * * *
You feel very sick. The orc misses you.
* * * LOW HITPOINT WARNING * * *
You feel sick.
You are feeling hungry.
* * * LOW HITPOINT WARNING * * *
You feel sick.
* * * LOW HITPOINT WARNING * * *
You feel sick.
It was a potion of might.
You feel very mighty all of a sudden.
You die...

#......# #
###......#.#
..........#
#))......#
#######........#
...............#
.......o........
######o#.......
#@#.#.....
#.#.#..... #.#.#
.... #.#.##+#.#
#.#.##.#.#
#.#.##.#.#
#.#'##.#.#
#......#.#
##.....##.#######.


You could see 2 orcs.

Vanquished Creatures
  A hound (D:3)
  An orc priest (D:4)
  Ijyb (D:2)
  A hound skeleton (D:4)
  5 adders
  A dart slug (D:1)
  A leopard gecko (D:3)
  7 orcs
  A ball python (D:1)
  4 giant cockroaches
  10 goblins
  7 hobgoblins
  3 jackals (D:2)
  3 kobolds
  3 bats
  2 frilled lizards
  10 rats
61 creatures vanquished.

Notes
Turn   | Place    | Note
-------+----------+-------------------------------------------
     0 | D:1      | KarmaPolice the Octopode Assassin began the quest for the Orb.
     0 | D:1      | Reached XP level 1. HP: 14/14 MP: 1/1
    63 | D:1      | Reached XP level 2. HP: 12/19 MP: 2/2
   599 | D:2      | Reached XP level 3. HP: 19/25 MP: 3/3
  1091 | D:2      | Reached XP level 4. HP: 23/30 MP: 4/4
  1382 | D:2      | Reached skill level 6 in Stealth
  1395 | D:2      | Noticed Ijyb
  1405 | D:2      | Killed Ijyb
  1840 | D:3      | Reached XP level 5. HP: 35/36 MP: 5/5
  2055 | D:3      | Found an ancient bone altar of Kikubaaqudgha.
  2058 | D:3      | Found a shattered altar of Ashenzari.
  2058 | D:3      | Found a basalt altar of Yredelemnul.
  2058 | D:3      | Found an iron altar of Okawaru.
  2060 | D:3      | Found a sacrificial altar of Ru.
  2060 | D:3      | Found a bloodstained altar of Trog.
  2391 | D:4      | Succumbed to an orc's poison

Vault maps used:
D:1:      lightli_arrival_boilingwater, amethyst_killhole, minivault_11,
          minmay_pentomino_o4
D:2:      kennysheep_goblin_castle, uniq_iyjb
D:3:      grunt_temple_overflow_open
D:4:      grunt_dithmenos_smoke_and_mirrors, gup_sewer_entry_glass, first_bread

Skill      XL: |  1  2  3  4 |
---------------+-------------+-----
Dodging        | 2 |  2.9
Stealth        | 6 |  6.6
Fighting       | 3 |  3.2
Short Blades   | 3 |  3.3
Throwing       | |  2.0

Action                   |  1- 3 |  4- 6 || total
-------------------------+-------+-------++-------
Melee: Dagger            |    40 |    50 ||    90
       Constrict         |     9 |    14 ||    23
       Tentacles         |     5 |    10 ||    15
  Use: Potion            |       |     1 ||     1
 Stab: Sleeping          |    13 |    11 ||    24
  Eat: Chunk             |       |     4 ||     4
Armor: Skin              |     3 |     1 ||     4
Dodge: Dodged            |    14 |    32 ||    46
